 Dungeon Crawl Stone Soup version 0.27.1-1-g398f81649c (webtiles) character file.

Game seed: 8391117788016302074

15 boopmooplesden the Skirmisher (level 2, 0/27 HPs)
             Began as a Minotaur Fighter on Sept 15, 2021.
             Slain by an adder (1 damage)
             ... on level 2 of the Dungeon.
             The game lasted 00:00:51 (832 turns).

boopmooplesden the Skirmisher (Minotaur Fighter)     Turns: 832, Time: 00:00:51

Health: 0/27       AC:  7    Str: 20    XL:     2   Next: 34%
Magic:  1/1        EV:  7    Int:  5    God:
Gold:   910        SH:  9    Dex:  9    Spells: 1/1 levels left

rFire    . . .     SeeInvis .   a - +0 war axe
rCold    . . .     Faith    .   c - +0 kite shield
rNeg     . . .     Spirit   .   b - +0 scale mail
rPois    .         Reflect  .   (helmet restricted)
rElec    .         Harm     .   (no cloak)
rCorr    .         Rampage  .   (no gloves)
Will     .....                  (no boots)
Stlth    ..........             (no amulet)
HPRegen  0.09/turn              (no ring)
MPRegen  0.07/turn              (no ring)

@: lethally poisoned (0 -> -2)
A: horns 2, retaliatory headbutt
a: no special abilities


You were on level 2 of the Dungeon.
You visited 1 branch of the dungeon, and saw 2 of its levels.

You collected 910 gold pieces.

Inventory:

Hand Weapons
 a - a +0 war axe (weapon)
Armour
 b - a +0 scale mail (worn)
 c - a +0 kite shield (worn)
Scrolls
 f - 2 scrolls of enchant armour {unknown}
 g - a scroll of blinking {unknown}
 h - a scroll of brand weapon {unknown}
Potions
 d - a potion of might
 e - a potion of heal wounds {unknown}
 i - a potion of brilliance {unknown}


   Skills:
 + Level 4.0 Fighting
 + Level 2.5 Axes
 + Level 4.0 Armour
 + Level 3.8 Shields


You had one spell level left.
You didn't know any spells.
Your spell library contained the following spells:

 Spells                   Type           Power      Damage    Failure   Level
 Animate Skeleton         Necr           0%         N/A       99%         1
 Pain                     Necr           0%         1d4       99%         1
 Vampiric Draining        Necr           0%         2d6       100%        3


Dungeon Overview and Level Annotations

Branches:
Dungeon (2/15)

Altars:


Innate Abilities, Weirdness & Mutations

You have a pair of horns on your head.
You reflexively headbutt those who attack you in melee.


Message History

The adder bites you but does no damage.
You completely miss the adder.
The adder is almost dead.
You feel sick.
You are no longer poisoned.
You block the adder's attack. The adder bites you but does no damage.
You closely miss the adder.
The adder is almost dead.
The adder bites you.
You are poisoned.
The adder poisons you! The adder bites you but does no damage.
You block the adder's attack.
You closely miss the adder.
The adder is almost dead.
You feel sick. The adder bites you but does no damage.
You block the adder's attack.
You hit the adder but do no damage. Your headbutt misses the adder.
The adder is severely wounded.
You feel sick. You block the adder's attack. The adder bites you.
You are lethally poisoned!
The adder poisons you!
You closely miss the adder. Your headbutt misses the adder.
The adder is severely wounded.
* * * LOW HITPOINT WARNING * * *
You feel very sick. You block the adder's attack.
The adder bites you but does no damage.
You barely miss the adder. Your headbutt misses the adder.
The adder is severely wounded.
* * * LOW HITPOINT WARNING * * *
You feel sick. You block the adder's attack. x2
You closely miss the adder. Your headbutt misses the adder.
The adder is severely wounded.
* * * LOW HITPOINT WARNING * * *
You feel sick. You block the adder's attack.
The adder bites you but does no damage.
You closely miss the adder. Your headbutt misses the adder.
The adder is severely wounded.
* * * LOW HITPOINT WARNING * * *
You feel sick. The adder bites you but does no damage. The adder bites you.
You die...

### #######
...
#.....##.##
#.#.......
#.#.#...
####.#.#S#
#......@.#
#.########
##.##
###...#
#.....#
#.#...#
#.##..##
#.#....###
#........+


You could see an adder.

Vanquished Creatures
  A ball python (D:1)
  A giant cockroach (D:1)
  2 hobgoblins (D:1)
  4 jackals (D:1)
  2 quokkas
  A kobold (D:1)
  A rat (D:1)
12 creatures vanquished.

Notes
Turn   | Place    | Note
-------+----------+-------------------------------------------
     0 | D:1      | boopmooplesden the Minotaur Fighter began the quest for the
                  | Orb.
     0 | D:1      | Reached XP level 1. HP: 19/19 MP: 0/0
     1 | D:1      | Noticed an electric eel
    93 | D:1      | Identified a scroll of acquirement
    93 | D:1      | Acquired 876 gold pieces
   101 | D:1      | Found a faded altar of an unknown god.
   341 | D:1      | Reached XP level 2. HP: 27/27 MP: 1/1
   832 | D:2      | HP: 1/27 [poisoned by an adder]
   832 | D:2      | Slain by an adder

Illustrated notes

Levels and vault maps discovered:
D:1:      arrival_aquarium_a, layout_basic, shapermc_ecumenical_altar_pompeii
D:2:      layout_loops_corners, serial_shops, shop, serial_bayou_lagoon_a,
          uniq_terence, uniq_sigmund

Skill      XL: |  1  2 |
---------------+-------+-----
Fighting       | 4 |  4.0
Armour         | 4 |  4.0
Axes           | |  2.5
Shields        | |  3.8

Action                   || total
-------------------------++-------
Melee: War axe           ||    39
       Headbutt          ||     6
  Use: Scroll            ||     1
Armor: Scale mail        ||    27
Dodge: Dodged            ||    18
Block: Kite shield       ||    25
